 Dungeon Crawl Stone Soup version 0.16.0-11-gd45b091 (webtiles) character file.

20 dysrexia the Chopper (level 2, 0/16 HPs)
             Began as a Vine Stalker Abyssal Knight on Mar 17, 2015.
             Was a Follower of Lugonu.
             Succumbed to an adder's poison
             ... on level 2 of the Dungeon.
             The game lasted 00:05:13 (965 turns).

dysrexia the Chopper (Vine Stalker Abyssal Knight)   Turns: 965, Time: 00:05:13

Health: 0/16       AC:  4    Str: 14    XL:     2   Next: 79%
Magic:  1/3        EV: 11    Int: 12    God:    Lugonu [*.....]
Gold:   38         SH:  0    Dex: 13    Spells: 0 memorised, 1 level left

rFire  . . .     SeeInvis .     a - +1 hand axe
rCold  . . .     Clarity  .     b - +0 leather armour
rNeg   . . .     SustAb   .     (no shield)
rPois  .         Gourm    .     l - +0 helmet (curse)
rElec  .         Spirit   +     (no cloak)
rCorr  .         Warding  .     (no gloves)
rMut   .         Stasis   .     (no boots)
MR     .....                    (no amulet)
Stlth  +.........               (no ring)
                                (no ring)

@: lethally poisoned (0 -> -4), not resistant to hostile enchantments, very
unstealthy
A: fangs 2, regeneration 1, magic shield, antimagic bite, no device heal 3, rot
immunity
a: Depart the Abyss, Renounce Religion


You were on level 2 of the Dungeon.
You worshipped Lugonu.
Lugonu was aware of your devotion.
You were not hungry.

You visited 1 branch of the dungeon, and saw 2 of its levels.
You visited the Abyss 1 time.

You collected 38 gold pieces.

Inventory:

Hand weapons
 a - a +1 hand axe (weapon)
Missiles
 h - 27 stones (quivered)
Armour
 b - a +0 leather armour (worn)
 j - a +0 chain mail
 l - a cursed +0 helmet (worn)
Scrolls
 d - a scroll of blinking
 n - a scroll of teleportation
Potions
 e - 2 potions of haste
 f - a potion of ambrosia
 k - a potion of agility {unknown}
 m - a potion of beneficial mutation {unknown}
 o - a potion of curing {unknown}
Comestibles
 c - a bread ration
 g - a meat ration


   Skills:
 - Level 2.6 Fighting
 + Level 2.9 Axes
 - Level 1.5 Armour
 - Level 0.7 Dodging
 - Level 1.7 Invocations


You had one spell level left.
You didn't know any spells.

Dungeon Overview and Level Annotations

Branches:
Dungeon (2/15)

Altars:
Xom

Annotations:
D:2 Terence


Innate Abilities, Weirdness & Mutations

You have extremely sharp teeth.
Your natural rate of healing is unusually fast.
When hurt, damage is shared between your health and your magic reserves.
Your bite disrupts and absorbs the magic of your enemies.
Potions and wands cannot restore your health.
You are immune to rotting.


Message History

An adder comes into view.
You miss the adder. Your bite misses the adder. The adder barely misses you.
The adder closely misses you.
You barely miss the adder. You bite the adder, but do no damage.
The adder bites you.
You barely miss the adder. The adder barely misses you. The adder bites you.
You are poisoned.
The adder poisons you!
You miss the adder. Your bite misses the adder.
You feel sick. The adder barely misses you. The adder bites you.
You barely miss the adder. The adder bites you.
You are more poisoned.
The adder poisons you!
You miss the adder.
You feel sick. The adder bites you.
* * * LOW HITPOINT WARNING * * *
The adder bites you.
* * * LOW HITPOINT WARNING * * *
Drink which item? (? for menu, Esc to quit)
It was a potion of heal wounds.
That seemed strangely inert.
You die...

#...##...#..##
##.###......#
...# ##..##.#
#### #.. #.# #
#. #.# . ##
#.###### .#
#......# .#
######.# # #@#
# #S# #.# .
#.# ♣ #.# ♣
#.# #.# ..#
###


You could see an adder.

Vanquished Creatures
  3 giant geckos (D:1)
  4 bats
  A hobgoblin (D:1)
  A giant cockroach (D:1)
  2 giant newts (D:1)
  A goblin (D:1)
  2 kobolds (D:1)
  4 rats
18 creatures vanquished.

Notes
Turn   | Place    | Note
--------------------------------------------------------------
     0 | Abyss:1  | dysrexia, the Vine Stalker Abyssal Knight, began the quest for the Orb.
     0 | Abyss:1  | Reached XP level 1. HP: 11/11 MP: 1/1
    77 | Abyss:1  | Noticed a sixfirhy
    77 | D:1      | Escaped the Abyss
   242 | D:1      | Acquired Lugonu's first power
   305 | D:1      | Reached XP level 2. HP: 11/16 MP: 3/3
   448 | D:1      | Found a shimmering altar of Xom.
   843 | D:2      | Noticed Terence
   965 | D:2      | Succumbed to an adder's poison

Action                   || total
-------------------------++-------
Melee: Hand axe          ||    63
Invok: Depart the Abyss  ||     1
  Use: Scroll            ||     5
       Potion            ||     1
